 Dungeon Crawl Stone Soup version 0.25-a0-803-g58bd18402a (webtiles) character file.

Game seed: 10321301032716353991, levelgen mode: deterministic

3544 Fukker the Cleaver (level 9, -12/62 HPs)
             Began as a Demonspawn Gladiator on Apr 19, 2020.
             Was a Believer of Fedhas.
             Mangled by a two-headed ogre
             ... wielding a +0 giant club
             ... summoned by an orange crystal statue
              (24 damage)
             ... on level 8 of the Dungeon.
             The game lasted 00:18:03 (6675 turns).

Fukker the Cleaver (Demonspawn Gladiator)           Turns: 6675, Time: 00:18:05

Health: -12/62     AC: 14    Str: 18      XL:     9   Next: 83%
Magic:  0/15       EV: 13    Int:  2 (9)  God:    Fedhas [**....]
Gold:   438        SH:  0    Dex: 17      Spells: 3/8 levels left

rFire    . . .     SeeInvis +   L - +2 war axe (vorpal)
rCold    . . .     Gourm    .   (no shield)
rNeg     . . .     Faith    .   F - +2 chain mail {rPois}
rPois    +         Spirit   .   i - +0 helmet
rElec    .         Reflect  .   (no cloak)
rCorr    .         Harm     .   (no gloves)
MR       .....                  c - +0 pair of boots
Stlth    ..........             (no amulet)
HPRegen  0.20/turn              I - ring of wizardry
MPRegen  0.14/turn              G - ring of see invisible

@: confused, mighty, agile
A: claws 2, thin skeletal structure 1, powered by pain 1, spiny 1
a: Wall of Briars, Renounce Religion


You were on level 8 of the Dungeon.
You worshipped Fedhas.
Fedhas was pleased with you.
You were very hungry.

You visited 1 branch of the dungeon, and saw 8 of its levels.

You collected 578 gold pieces.
You spent 140 gold pieces at shops.

Inventory:

Hand Weapons
 a - a +0 war axe
 l - a +0 hand crossbow
 w - a +4 hunting sling
 J - a +0 hand axe of flaming
 L - a +2 vorpal war axe (weapon)
Missiles
 d - 5 throwing nets
 e - 104 sling bullets
 m - 210 stones
 n - 4 datura-tipped darts (quivered)
 t - 77 arrows
 u - 26 poisoned darts
Armour
 c - a +0 pair of boots (worn)
 i - a +0 helmet (worn)
 F - a +2 chain mail of poison resistance (worn)
Jewellery
 G - a ring of see invisible (right claw)
 I - a ring of wizardry (left claw)
Wands
 p - a wand of enslavement (13)
 x - a wand of polymorph (8)
 C - a wand of flame (67)
Scrolls
 b - a scroll of identify
 o - 7 scrolls of teleportation
 q - 2 scrolls of magic mapping
 r - 2 scrolls of enchant weapon
 y - 2 scrolls of blinking
 B - 2 scrolls of remove curse
 E - a scroll of fear
 H - a scroll of amnesia
Potions
 g - a potion of might
 j - 5 potions of heal wounds
 k - 3 potions of curing
 v - a potion of lignification
 z - a potion of magic {unknown}
 A - a potion of haste {unknown}
 K - 2 potions of brilliance
Comestibles
 f - 24 rations


   Skills:
 - Level 2.4 Fighting
   Level 0.9 Short Blades
 - Level 10.0 Axes
 + Level 1.8(2.6) Slings
 + Level 2.8(3.1) Throwing
 - Level 4.5 Armour
 - Level 2.6 Dodging
 * Level 8.7 Invocations


You had 3 spell levels left.
You knew the following spells:

 Your Spells              Type           Power        Failure   Level  Hunger
a - Blink                 Tloc           N/A          99%         2    ###....
b - Mephitic Cloud        Conj/Pois/Air  #.......     100%        3    ####...

Your spell library contained the following spells:

 Spells                   Type           Power        Failure   Level  Hunger
 Magic Dart               Conj           #...         95%         1    ##.....
 Call Imp                 Summ           #.......     99%         2    ###....
 Slow                     Hex            #.......     99%         2    ###....
 Conjure Flame            Conj/Fire      #.......     100%        3    ####...
 Lesser Beckoning         Tloc           #.........   100%        3    ####...
 Dispersal                Tloc           #.........   100%        6    #######
 Malign Gateway           Summ/Tloc      #.........   100%        7    #######


Dungeon Overview and Level Annotations

Branches:
Dungeon (8/15)             Temple (0/1) D:5
   Lair: D:8-11

Altars:
Fedhas
Zin

Shops:
D:5 :**=   D:8 ([

Portals:
Abyss: D:4

Annotations:
D:8 1 runed translucent door, exclusion: 4 orange crystal statues


Innate Abilities, Weirdness & Mutations

You have very sharp fingernails.
You have a somewhat thin skeletal structure. (Dex +2, Stealth)
You sometimes gain a little power by taking damage.
You are partially covered in sharp spines.


Message History

You focus on the pain.
You feel agile all of a sudden.
The two-headed ogre hits you with a +0 giant spiked club!
* * * LOW HITPOINT WARNING * * *
The orange crystal statue glitters.
The orc wizard is struck by your spines.
The orc wizard barely misses you.
The unseen horror is struck by your spines.
The unseen horror hits you.
* * * LOW HITPOINT WARNING * * *
The orc throws a boomerang.
The boomerang misses you.
The weapon returns to the orc!
You're too confused to move!
The unseen horror misses you. The worker ant completely misses you.
The orc wizard hits you but does no damage.
The orange crystal statue fixes its piercing gaze on you.
You feel your power leaking away.
The two-headed ogre hits you with a +0 giant club!!
You die...
Fedhas appreciates your contribution to the ecosystem.

.#............>.....##.######
##..###.#.>....#....# ..
##..# #.#.....####... #.
....> <.......## ...##
#.........##..... ... ...
......####.#########
..........###..#8o....8#
...............#.#...#.#
.........##....#@ar....# ..#
...........xOoh[...+ .#
###......##.#hY.....# .#
#........#..#.#h..#.#
####...........#8....h8#
...............#########
........##............
#.....................
#..##.........########


You could see 4 orange crystal statues, a two-headed ogre, an unseen horror
(invisible), an ice beast, a hound, a worker ant, an orc wizard, an orc, a
quokka and 3 jackals.

Vanquished Creatures
  Harold (D:8)
  A toenail golem (D:4)
  Prince Ribbit (D:8)
  The ghost of Burgietje the Skirmisher, an amateur GrFi of Qazlal (D:4)
  A wyvern (D:8)
  A sky beast (D:5)
  An ice beast (D:8)
  An orc warrior (D:6)
  3 ogres
  A phantom (D:6)
  2 centaurs (D:8)
  A small abomination (D:4)
  2 big kobolds
  3 bullfrogs
  A wyvern zombie (D:7)
  A scorpion (D:8)
  2 bullfrog zombies
  3 crimson imps
  2 jellies (D:5)
  2 orc priests
  4 hounds
  A bullfrog skeleton (D:7)
  An iron imp (D:4)
  Jessica (D:2)
  Terence (D:2)
  An orc wizard (D:6)
  2 hound skeletons
  A howler monkey skeleton (D:6)
  7 adders
  2 oozes
  An adder zombie (D:5)
  2 adder skeletons
  3 worms
  2 dart slugs (D:1)
  14 orcs
  A ball python (D:7)
  7 giant cockroaches
  7 goblins
  6 hobgoblins
  10 jackals
  2 quokkas
  10 bats
  3 frilled lizards
  9 kobolds
  11 rats
140 creatures vanquished.

Notes
Turn   | Place    | Note
-------+----------+-------------------------------------------
     0 | D:1      | Fukker the Demonspawn Gladiator began the quest for the
                  | Orb.
     0 | D:1      | Reached XP level 1. HP: 16/16 MP: 1/1
    98 | D:1      | Reached skill level 3 in Axes
   107 | D:1      | Gained mutation: You have a somewhat thin skeletal
                  | structure. (Dex +2, Stealth) [demonic ancestry]
   107 | D:1      | Reached XP level 2. HP: 11/22 MP: 2/2
   624 | D:1      | Gained mutation: You have sharp fingernails. [demonic
                  | ancestry]
   624 | D:1      | Reached XP level 3. HP: 27/27 MP: 3/3
   997 | D:2      | Noticed Terence
  1009 | D:2      | Killed Terence
  1009 | D:2      | Reached skill level 4 in Axes
  1009 | D:2      | Gained mutation: You are partially covered in sharp spines.
                  | [demonic ancestry]
  1009 | D:2      | Reached XP level 4. HP: 23/33 MP: 4/4
  1038 | D:2      | Reached skill level 1 in Armour
  1143 | D:2      | Reached XP level 5. HP: 28/38 MP: 5/5
  1361 | D:2      | Noticed Jessica
  1373 | D:2      | Killed Jessica
  1562 | D:2      | Reached skill level 5 in Axes
  2254 | D:3      | Found a faded altar of an unknown god.
  2316 | D:3      | Became a worshipper of Fedhas Madash
  2316 | D:3      | Reached * piety under Fedhas
  2831 | D:4      | Noticed a small abomination
  2982 | D:4      | Gained mutation: You sometimes gain a little power by
                  | taking damage. [demonic ancestry]
  2982 | D:4      | Reached XP level 6. HP: 43/44 MP: 6/6
  2991 | D:4      | Noticed a toenail golem
  2992 | D:4      | Noticed Burgietje's ghost (amateur GrFi)
  3013 | D:4      | Found a transporter.
  3029 | D:4      | Found a transporter.
  3056 | D:4      | Found a one-way gate to the infinite horrors of the Abyss.
  3071 | D:4      | HP: 2/44 [big kobold/+1 whip of distortion (18)]
  3083 | D:4      | Killed a toenail golem
  3083 | D:4      | Reached skill level 6 in Axes
  3083 | D:4      | Reached skill level 1 in Slings
  3083 | D:4      | Gained mutation: You have very sharp fingernails. [demonic
                  | ancestry]
  3083 | D:4      | Reached XP level 7. HP: 32/50 MP: 7/7
  3085 | D:4      | Killed Burgietje's ghost
  3085 | D:4      | Reached skill level 7 in Axes
  3337 | D:4      | Got Lugonu's Guide on the Traveller
  3518 | D:5      | Entered Level 5 of the Dungeon
  3541 | D:5      | Found a staircase to the Ecumenical Temple.
  3614 | D:5      | Found Jueth's Jewellery Shop.
  3637 | D:5      | Reached XP level 8. HP: 53/56 MP: 8/8
  3644 | D:5      | Found Doack's General Store.
  3697 | D:5      | Found Asiruam's Book Shoppe.
  3713 | D:5      | Found Ikhlysm's Assorted Antiques.
  3726 | D:5      | Reached ** piety under Fedhas
  3742 | D:5      | Bought a scroll of identify for 40 gold pieces
  3742 | D:5      | Bought a glass ring for 100 gold pieces
  3767 | D:5      | Reached skill level 8 in Axes
  4211 | D:6      | Reached skill level 9 in Axes
  4238 | D:6      | Learned a level 2 spell: Blink
  4242 | D:6      | Learned a level 3 spell: Mephitic Cloud
  4582 | D:7      | Reached XP level 9. HP: 54/61 MP: 9/9
  5491 | D:8      | HP: 2/61 [wyvern (14)]
  5495 | D:8      | Reached skill level 10 in Axes
  5525 | D:8      | Noticed Harold
  5729 | D:8      | Noticed Prince Ribbit
  5737 | D:8      | Killed Prince Ribbit
  5849 | D:8      | Killed Harold
  6175 | D:8      | Found Coclosud's Weapon Boutique.
  6403 | D:8      | Found Vulaesch's Antique Armour Emporium.
  6455 | D:8      | Found a glowing silver altar of Zin.
  6641 | D:8      | Found a runed translucent door.
  6653 | D:8      | Found the +10 tower shield of Ignorance {rN+ Int-4}
  6656 | D:8      | Noticed an orange crystal statue
  6656 | D:8      | Noticed an orange crystal statue
  6656 | D:8      | Noticed an orange crystal statue
  6656 | D:8      | Noticed an orange crystal statue
  6658 | D:8      | Found a runed translucent door.
  6662 | D:8      | Noticed an unseen horror
  6662 | D:8      | a shapeshifter changed into an unseen horror
  6672 | D:8      | Noticed a two-headed ogre
  6675 | D:8      | Mangled by a two-headed ogre

Levels and vault maps discovered:
D:1:      elethiomel_arrival_fortress_basement, layout_basic
D:2:      layout_basic, kennysheep_crisscross, uniq_terence, uniq_jessica
D:3:      layout_basic, chequers_ecumenical_altar_grove, minmay_misc_feat_five
D:4:      layout_rooms, first_ration, gammafunk_ghost_abyssal_escape
D:5:      layout_rooms, minmay_temple_entry_sparse_star, serial_shops,
          nicolae_shop_crystal, nicolae_shop_waterfront, nicolae_shop_stone,
          shop
D:6:      layout_rooms
D:7:      layout_layer_cave
D:8:      layout_cave_pools, old_standard_altar, serial_shops,
          nicolae_shop_behind_doors, nicolae_shop_stone, blue_anna_alchemist
          [blue_anna_fruit_fields, blue_anna_fruit_fields],
          chequers_guarded_unrand_ignorance, uniq_prince_ribbit1, uniq_harold

Skill      XL: |  1  2  3  4  5  6  7  8  9 |
---------------+----------------------------+-----
Axes           | 3 4 5 6 7 9 10 | 10.0
Throwing       | 2 |  2.8
Armour         | 1 2 3 4 |  4.5
Slings         | 1 |  1.8
Invocations    | 8 |  8.7
Fighting       | |  2.4
Short Blades   | |  0.9
Dodging        | |  2.6

Action                   |  1- 3 |  4- 6 |  7- 9 || total
-------------------------+-------+-------+-------++-------
Melee: War axe           |   109 |    73 |    75 ||   257
       Dagger            |    47 |       |       ||    47
       Broad axe         |       |    34 |    77 ||   111
 Fire: Hunting sling     |       |     8 |       ||     8
Throw: Dart              |       |       |     3 ||     3
       Throwing net      |       |       |     1 ||     1
Invok: Wall of Briars    |       |       |     2 ||     2
  Use: Scroll            |     1 |     3 |    10 ||    14
       Potion            |       |     3 |     3 ||     6
 Stab: Sleeping          |     5 |     3 |     3 ||    11
       Held in net/web   |       |       |     1 ||     1
  Eat: Chunk             |     1 |     6 |     7 ||    14
       Ration            |       |       |     1 ||     1
Armor: Leather armour    |    40 |    31 |    22 ||    93
       Chain mail        |       |       |    13 ||    13
Dodge: Dodged            |   130 |    80 |    92 ||   302

Table legend:
 A = Non-vault XP
 B = Vault XP
 C = Vault XP percentage of total XP
 D = Non-vault monster count
 E = Vault monster count
 F = Vault count percentage of total count
                 A         B        C        D         E       F
            +---------+---------+-------+---------+---------+-------
      Total |    2689 |    2375 |  46.9 |     129 |      11 |   7.9
            +---------+---------+-------+---------+---------+-------
        D:1 |      62 |       1 |   1.6 |      32 |       1 |   3.0
        D:2 |     151 |      73 |  32.6 |      20 |       2 |   9.1
        D:3 |      65 |       0 |   0.0 |      26 |       0 |   0.0
        D:4 |      60 |     930 |  93.9 |       8 |       5 |  38.5
        D:5 |     454 |       0 |   0.0 |       9 |       0 |   0.0
        D:6 |     797 |       0 |   0.0 |      17 |       0 |   0.0
        D:7 |     305 |       0 |   0.0 |       9 |       0 |   0.0
        D:8 |     795 |    1371 |  63.3 |       8 |       3 |  27.3
            +---------+---------+-------+---------+---------+-------
